Map: Echo LE (Void)

Players

Prog

  • Race: Terran Terran
  • League: Grandmaster

Javert - Winner!

  • Race: Zerg Zerg
  • League: Grandmaster

VOD

Have the link to the VOD?

Description

Time

  • Played on: June 22, 2015, 10:55 p.m.
  • Length: 13:48
Show
View Real Time Build Order
Export as new Build Order

Prog Terran 

Build Orders: Command Center First (CC) 

Get SALT Encoding   

  12  0:01  SCV  
  13  0:13  SCV  
  14  0:20  Supply Depot  
  14  0:25  SCV  
  15  0:42  SCV  
  16  0:59  Command Center  
  16  1:01  SCV  
  17  1:12  Barracks  
  17  1:15  SCV  
  18  1:19  Refinery  
  18  1:27  Refinery  
  18  1:28  SCV  
  19  1:40  SCV  
  20  1:55  SCV  
  20  2:00  Supply Depot  
  20  2:01  Marine  
  22  2:07  SCV  
  23  2:08  Supply Depot  
  23  2:12  Bunker  
  23  2:16  SCV  
  24  2:28  SCV  
  25  2:35  Factory  
  25  2:38  Marine  
  25  2:43  Orbital Command  
  26  2:47  SCV  
  27  3:02  Barracks Tech Lab  
  27  3:08  Orbital Command  
  27  3:13  Supply Depot  
  26  3:30  Marine  
  26  3:31  Hellion  
  26  3:32  SCV  
  30  3:39  Factory  
  30  3:41  Refinery  
  30  3:44  SCV  
  31  3:56  SCV  
  24  4:31  SCV x2  
  25  4:33  Factory Reactor  
  25  4:39  Starport  
  25  4:40  Barracks Reactor  
  25  4:42  Siege Tank  
  25  4:44  SCV x2  
  30  4:56  Command Center, SCV  
  31  5:08  SCV  
  31  5:09  SCV  
  31  5:13  Refinery  
  33  5:15  Hellion x2  
  33  5:16  Hellion, Infernal Pre-Igniter  
  33  5:20  SCV  
  40  5:33  Medivac  
  42  5:36  SCV x2  
  44  5:48  SCV x2  
  46  5:59  Hellion x2, Siege Tank  
  46  6:00  SCV  
  54  6:05  SCV, Engineering Bay, Medivac  
  55  6:41  Orbital Command  
  55  6:42  SCV  
  55  6:43  SCV, Missile Turret  
  55  6:44  Missile Turret  
  55  6:45  Hellion x3  
  63  6:56  Liberator  
  63  7:01  Marine x2  
  63  7:05  Building Armor  
  63  7:06  SCV x2, Missile Turret  
  63  7:07  SCV  
  70  7:18  SCV x2  
  70  7:19  SCV, Marine x2  
  70  7:37  Marine x2  
  70  7:55  Siege Tank, Marine x2  
  73  8:00  Starport Reactor  
  73  8:02  Factory x2  
  73  8:03  Factory  
  73  8:07  Starport Tech Lab  
  73  8:11  SCV x3, Starport x2  
  76  8:23  SCV  
  77  8:41  SCV x3  
  77  8:42  Supply Depot  
  77  8:43  Supply Depot  
  77  8:44  Supply Depot  
  80  8:52  Liberator  
  80  8:53  SCV  
  80  8:54  SCV  
  80  8:55  Factory Tech Lab  
  80  8:56  Factory Tech Lab x2  
  80  8:58  Starport Tech Lab x2  
  80  9:01  Starport Reactor  
  80  9:02  Starport Reactor  
  80  9:04  Armory  
  80  9:07  Armory  
  82  9:19  Hellion x2  
  86  9:26  Bunker  
  86  9:27  Bunker, Liberator  
  86  9:29  Bunker x2, Marine x2  
  88  9:40  Siege Tank  
  88  9:41  Siege Tank x3  
  102  9:47  Marine  
  103  10:26  Banshee  
  106  10:46  Siege Tank  
  109  10:54  Hellbat  
  109  10:56  Hellbat  
  109  10:57  Medivac  
  109  10:59  Hellbat  
  109  11:03  Hellbat  
  109  11:04  Siege Tank  
  109  11:09  Banshee  
  107  11:12  Missile Turret x2  
  107  11:14  Liberator  
  107  11:15  Missile Turret  
  107  11:16  Missile Turret  
  107  11:18  Missile Turret, Hellbat  
  108  11:19  Missile Turret  
  108  11:20  Missile Turret  
  108  11:21  Hellbat  
  109  11:34  Missile Turret, Orbital Command  
  109  11:35  Missile Turret  
  109  11:36  Missile Turret  
  109  11:38  Missile Turret  
  108  11:47  Liberator  
  108  11:48  Unknown  
  108  11:49  SCV  
  109  12:03  SCV x2  
  89  12:15  SCV x2  
  55  12:40  Liberator x2  
  55  12:41  Liberator  
  55  12:51  SCV x2  
  63  13:03  SCV  
Show
View Real Time Build Order
Export as new Build Order

Javert Zerg - Winner!

Build Orders: Hatch First 

Get SALT Encoding   

  12  0:02  Drone  
  13  0:13  Overlord  
  13  0:21  Drone  
  14  0:34  Drone x2  
  16  0:50  Hatchery  
  15  0:59  Drone x3  
  15  1:02  Extractor  
  17  1:15  Spawning Pool  
  16  1:20  Drone  
  17  1:27  Drone  
  18  1:38  Drone  
  19  1:44  Drone  
  20  1:54  Drone  
  21  2:02  Queen  
  21  2:03  Queen  
  21  2:05  Metabolic Boost  
  25  2:08  Overlord  
  25  2:10  Zergling x2  
  25  2:15  Zergling x2  
  27  2:18  Zergling x2  
  28  2:30  Zergling x4  
  30  2:39  Zergling x4  
  32  2:46  Overlord  
  32  2:58  Overlord  
  32  3:05  Drone  
  32  3:06  Drone  
  34  3:23  Overlord x2  
  34  3:29  Drone x6  
  34  3:30  Drone x2  
  41  3:43  Drone  
  41  3:44  Drone  
  43  3:56  Hatchery  
  42  4:05  Drone x2  
  42  4:06  Drone  
  42  4:26  Drone  
  42  4:27  Drone x6  
  46  4:33  Lair  
  46  4:35  Overlord, Extractor  
  45  4:42  Queen  
  45  4:44  Extractor x2  
  45  4:56  Zergling x8  
  49  5:10  Zergling x20  
  59  5:31  Roach Warren  
  59  5:33  Evolution Chamber, Burrow  
  59  5:34  Evolution Chamber  
  59  5:35  Drone x10  
  66  5:40  Drone  
  66  5:41  Drone x5  
  72  6:00  Drone x2  
  72  6:01  Drone x3  
  72  6:02  Zerg Missile Weapons Level 1, Zerg Ground Armor Level 1  
  77  6:05  Drone  
  77  6:22  Overlord  
  77  6:23  Overlord, Glial Reconstitution  
  77  6:24  Overlord  
  77  6:27  Spore Crawler, Extractor  
  77  6:28  Extractor  
  77  6:29  Spore Crawler  
  69  6:34  Overlord x2  
  69  6:40  Spore Crawler  
  69  6:44  Overlord x2  
  68  6:48  Roach x8  
  84  7:03  Spawning Pool  
  84  7:05  Spire  
  84  7:07  Spore Crawler, Queen x2  
  86  7:14  Spine Crawler  
  75  7:47  Drone x3  
  75  7:48  Drone x14  
  86  8:01  Zerg Ground Armor Level 2, Zerg Missile Weapons Level 2  
  86  8:03  Roach x6  
  98  8:14  Drone  
  98  8:15  Drone x2  
  101  8:22  Ravager x5  
  101  8:23  Ravager x4  
  110  8:40  Roach x10  
  130  8:48  Hydralisk Den  
  122  9:00  Overlord x2  
  122  9:12  Overlord x2  
  122  9:19  Hydralisk  
  122  9:20  Hatchery, Hydralisk x6  
  135  9:25  Drone  
  135  9:26  Zerg Flyer Weapons Level 1  
  136  9:35  Spine Crawler  
  136  9:38  Mutalisk x6  
  135  9:44  Overseer  
  147  9:50  Drone x7  
  154  10:17  Hydralisk x4  
  154  10:21  Muscular Augments  
  162  10:24  Infestation Pit, Zerg Melee Weapons Level 1  
  162  10:35  Drone x3  
  162  10:36  Overlord x4  
  164  11:02  Extractor  
  163  11:07  Extractor  
  160  11:20  Roach x18  
  196  11:36  Hive  
  196  11:39  Drone x2  
  198  11:49  Tunneling Claws  
  198  11:53  Spine Crawler  
  197  11:54  Spine Crawler  
  144  12:41  Drone x2  
  146  12:45  Spore Crawler  
  146  12:47  Mutalisk  
  146  12:48  Mutalisk x14  
  175  13:15  Overlord  
  175  13:24  Ultralisk Cavern  
  174  13:32  Drone x2  
  174  13:33  Drone x7  
Tags
 
Add a new tag
Caveats
  • Supply blocks, unpowered buildings, or Contaminate may cause inaccurate times.
  • Supply counts are checked every 10 seconds.